Match 31547009
Unlisted

Match 31547009
End
Engineer Squad
Construct Barracks
Riflemen Squad
Riflemen Squad
Riflemen Squad
Riflemen Squad
Grenade Package
Mechanized Support Center
Construct Medical Station
M1 Mortar Team
Selects Armored Battlegroup
Selects Veteran Crews
M1918 Browning Automatic Rifles
Selects Strength in Steel
Construct Motor Pool
M1 Anti-tank Gun Team
M1 Anti-tank Gun Team
Selects M8 Scott SPG
Selects UNKNOWN (2160077)
M8 Scott SPG
Construct Tank Depot
Designate Forward Repair Station
Selects M31 Recovery Vehicle
Riflemen Squad
Selects War Machine
M4A3E8 Sherman Easy Eight
M18 Hellcat Tank Destroyer
M18 Hellcat Tank Destroyer
M1 Anti-tank Gun Team
Improvised Armor
Rearm and Retrofit
Riflemen Squad
M31 Recovery Vehicle
Arashenstein
NickTamAir [Goat Company]
Wizard King
jiro
0
0

Comments sign in to comment!

No comments posted yet!